Map: Oceanborn LE

Players

Rex - Winner!

  • Race: Zerg Zerg
  • League: Master
  • Spawn Location: 11:00

Firefly

  • Race: Protoss Protoss
  • Spawn Location: 5:00

Event: IEM Katowice 2024

VOD

Have the link to the VOD?

Description

Time

  • Played on: Dec. 5, 2023, 5:10 a.m.
  • Length: 7:43

All games in this series

Show
View Real Time Build Order
Export as new Build Order

Rex Zerg - Winner!

Build Orders: Hatch First 

Get SALT Encoding   

  12  0:05  Drone  
  13  0:12  Overlord  
  13  0:17  Drone  
  14  0:30  Drone x2  
  16  0:48  Hatchery  
  15  0:51  Drone  
  15  0:55  Drone  
  17  1:00  Drone  
  18  1:09  Extractor  
  17  1:14  Spawning Pool  
  17  1:17  Drone  
  17  1:20  Drone  
  18  1:31  Drone  
  19  1:45  Drone  
  20  1:53  Overlord  
  20  2:01  Queen x2  
  20  2:06  Drone x2  
  26  2:13  Drone  
  26  2:14  Metabolic Boost  
  28  2:15  Drone  
  28  2:24  Drone  
  28  2:26  Drone  
  30  2:33  Hatchery  
  29  2:37  Drone x2  
  33  2:45  Queen  
  33  2:47  Overlord  
  34  2:51  Drone  
  34  2:59  Zergling x4  
  34  3:05  Queen  
  36  3:08  Drone  
  36  3:09  Drone x2  
  36  3:10  Spore Crawler  
  40  3:18  Drone  
  40  3:19  Drone  
  42  3:20  Overlord  
  42  3:21  Queen  
  44  3:33  Overlord  
  44  3:35  Spore Crawler  
  44  3:40  Drone  
  44  3:42  Queen  
  44  3:46  Drone x5  
  51  3:53  Overlord  
  51  3:55  Zergling x6  
  54  3:58  Drone  
  54  4:01  Drone  
  54  4:05  Drone x2  
  54  4:08  Spore Crawler  
  52  4:10  Drone x2  
  52  4:12  Drone  
  52  4:13  Drone x2  
  52  4:14  Drone  
  59  4:19  Drone  
  59  4:23  Lair  
  59  4:24  Drone  
  61  4:29  Drone x4  
  65  4:32  Overlord  
  65  4:35  Overlord  
  65  4:38  Drone  
  66  4:42  Roach Warren  
  66  4:44  Drone  
  66  4:49  Overlord x2  
  66  4:54  Extractor  
  66  4:55  Extractor x2, Spore Crawler, Drone  
  66  4:56  Drone x3  
  66  4:58  Drone  
  67  5:03  Overlord  
  67  5:04  Zergling x8  
  67  5:20  Drone x2  
  67  5:21  Drone x7  
  70  5:24  Pneumatized Carapace  
  70  5:34  Overlord x2  
  70  5:39  Roach  
  70  5:40  Roach x4  
  79  5:47  Roach  
  79  5:48  Roach x3  
  87  5:50  Overlord  
  87  6:03  Zergling x20  
  97  6:04  Ravager x2  
  97  6:09  Ravager  
  97  6:10  Zergling x4  
  102  6:16  Zergling x12  
  108  6:26  Zergling x2  
  108  6:27  Zergling x4  
  108  6:37  Zergling x14  
  108  6:38  Ravager x3  
  110  6:47  Zergling x10  
  110  6:51  Zergling x2  
  108  6:57  Zergling x4  
  108  7:00  Ravager x2  
  108  7:01  Zergling x2  
  100  7:11  Zergling x6  
  97  7:16  Zergling x8  
  85  7:34  Hatchery  
  85  7:39  Evolution Chamber  
Show
View Real Time Build Order
Export as new Build Order

Firefly Protoss 

Build Orders: 1 Gate Expand, Oracle Opening 

Get SALT Encoding   

  12  0:00  Probe  
  13  0:12  Probe  
  14  0:19  Pylon  
  14  0:24  Probe  
  14  0:27  Assimilator  
  15  0:37  Probe (Chrono Boost)  
  16  0:43  Gateway  
  16  0:48  Probe (Chrono Boost)  
  17  0:53  Probe (Chrono Boost)  
  18  1:03  Probe  
  19  1:19  Nexus  
  19  1:30  Cybernetics Core  
  19  1:32  Probe  
  20  1:37  Assimilator  
  20  1:44  Probe  
  21  1:47  Pylon  
  21  1:56  Probe (Chrono Boost)  
  22  2:06  Probe (Chrono Boost)  
  22  2:07  Stargate  
  23  2:11  Probe (Chrono Boost)  
  23  2:12  Adept  
  26  2:20  Warp Gate  
  26  2:23  Probe  
  27  2:31  Probe  
  27  2:35  Probe  
  29  2:44  Probe  
  32  2:47  Oracle (Chrono Boost), Probe  
  36  2:53  Pylon  
  36  2:56  Probe  
  37  3:00  Probe  
  36  3:06  Gateway  
  36  3:08  Probe  
  36  3:12  Probe  
  38  3:14  Oracle (Chrono Boost)  
  41  3:20  Probe  
  41  3:24  Probe  
  43  3:35  Nexus, Probe  
  43  3:37  Probe  
  45  3:43  Oracle (Chrono Boost)  
  48  3:49  Pylon  
  48  3:51  Probe x2  
  50  4:03  Probe  
  51  4:10  Probe  
  51  4:12  Assimilator  
  51  4:13  Twilight Council, Assimilator  
  51  4:15  Probe  
  51  4:16  Forge  
  53  4:22  Stalker x2, Probe  
  58  4:27  Probe  
  58  4:31  Pylon  
  59  4:34  Probe (Chrono Boost)  
  60  4:40  Blink, Probe (Chrono Boost)  
  62  4:46  Probe (Chrono Boost)  
  62  4:48  Protoss Ground Weapons Level 1 (Chrono Boost)  
  62  4:50  Probe (Chrono Boost)  
  65  4:55  Probe x2 (Chrono Boost)  
  65  4:59  Shield Battery  
  66  5:00  Probe (Chrono Boost)  
  66  5:04  Probe x2 (Chrono Boost)  
  68  5:10  Probe  
  68  5:13  Probe  
  67  5:24  Stalker x2, Probe x2  
  71  5:29  Gateway x2, Probe  
  71  5:31  Robotics Facility, Gateway  
  71  5:34  Gateway  
  72  5:36  Probe  
  72  5:37  Probe  
  72  5:41  Probe  
  75  5:50  Stalker x2  
  75  5:52  Nexus  
  75  5:53  Pylon  
  75  5:54  Pylon, Probe  
  75  5:56  Probe  
  82  5:57  Probe  
  82  6:00  Photon Cannon  
  82  6:06  Probe  
  83  6:11  Pylon  
  83  6:15  Shield Battery  
  83  6:16  Stalker x2  
  87  6:28  Stalker x3  
  87  6:32  Shield Battery  
  93  6:36  Stalker  
  95  6:40  Shield Battery x2  
  95  6:43  Pylon  
  95  6:44  Stalker  
  97  6:50  Stalker  
  86  6:58  Stalker x2  
  86  6:59  Stalker  
  65  7:14  Stalker x3  
  58  7:20  Probe x3  
  40  7:26  Shield Battery  
  40  7:29  Stalker x2  
  38  7:30  Stalker  

Tags
 
Add a new tag
Caveats
  • Supply blocks, unpowered buildings, or Contaminate may cause inaccurate times.
  • Supply counts are checked every 10 seconds.